 Dungeon Crawl Stone Soup version 0.28.0-43-g3370ac3207 (console) character file.

Game seed: 17897711703931077432

24 Zeor the Magician (level 3, 0/25 HPs)
             Began as a Djinni Fire Elementalist on Mar 21, 2022.
             Slain by a ball python (3 damage)
             ... on level 2 of the Dungeon.
             The game lasted 00:03:42 (1357 turns).

Zeor the Magician (Djinni Fire Elementalist)        Turns: 1357, Time: 00:03:42

Health: 0/25       AC:  2    Str:  7    XL:     3   Next: 15%
Gold:   18         EV:  3    Int: 18    God:
                   SH:  0    Dex: 13

rFire   + + +      SeeInvis .   (no weapon)
rCold   . . .      Faith    .   (no shield)
rNeg    . . .      Spirit   .   a - +0 robe
rPois   ∞          Reflect  .   (no helmet)
rElec   +          Harm     .   (no cloak)
rCorr   +          Rampage  .   (no gloves)
Will    .....                   (boots unavailable)
Stlth   ++........              (no amulet)
HPRegen 0.08/turn               (no ring)
MPRegen 0.00/turn               (no ring)

@: resistant, flying, held, constricted
A: sickness immunity, fire resistance 2, cold vulnerability 1, float, innate
caster, HP casting, extra vitality 1
a: no special abilities


You were on level 2 of the Dungeon.
You visited 1 branch of the dungeon, and saw 2 of its levels.

You collected 18 gold pieces.

Inventory:

Armour
 a - a +0 robe (worn)


   Skills:
 + Level 2.3 Dodging
 + Level 1.6 Stealth
 + Level 3.1 Spellcasting


You couldn't memorise any spells.
You knew the following spells:

 Your Spells              Type           Power      Damage    Failure   Level
a - Foxfire               Conj/Fire      56%        2x1d6     4%          1
b - Scorch                Fire           28%        2d6       7%          2
c - Conjure Flame         Conj/Fire      14%        6-21      13%         3
d - Inner Flame           Hex/Fire       14%        N/A       13%         3
e - Flame Wave            Conj/Fire      14%        2d6       41%         4
f - Shock                 Conj/Air       56%        1d6       4%          1
Your spell library was empty.

Dungeon Overview and Level Annotations

Branches:
Dungeon (2/15)

Altars:


Innate Abilities, Weirdness & Mutations

You are immune to sickness and miasma.
You are immune to poison.
Your flesh is very heat resistant. (rF++)
You are vulnerable to cold. (rC-)
You float through the air rather than walking.
You learn spells naturally, not from books.
Your magical power is your life essence.
You have superior vitality. (+4 MHP)


Message History

The ball python misses you.
It was a potion of resistance.
You feel protected. The ball python barely misses you.
The ball python closely misses you.
As you read the scroll labelled YDUING DUOMPAGINOG, it crumbles to dust.
It is a scroll of identify.
c - a scroll of summoning The ball python barely misses you.
The ball python misses you.
As you read the scroll labelled XIEPRE SETHREG, it crumbles to dust.
It is a scroll of enchant weapon.
You aren't carrying any weapons that can be enchanted.
The ball python bites you but does no damage.
The ball python grabs you. The ball python constricts you.
The ball python bites you.
* * * LOW HITPOINT WARNING * * *
The ball python constricts you.
* * * LOW HITPOINT WARNING * * *
The ball python's grasp on you weakens, but your attempt to escape fails.
The gnoll throws a throwing net.
The throwing net hits you.
You become entangled in the net!
The ball python bites you but does no damage.
The ball python constricts you.
Unknown command.
As you read the scroll of summoning, it crumbles to dust.
Wisps of shadow whirl around you...
The ball python bites you but does no damage.
The ball python constricts you.
* * * LOW HITPOINT WARNING * * *
The gnoll misses your rat.
You struggle against the net.
The ball python bites you.
* * * LOW HITPOINT WARNING * * *
The ball python constricts you.
Your ball python closely misses the ball python.
Your ball python misses the ball python.
The gnoll hits your rat with a +0 club!
Your rat dies!
Your rat's corpse dissolves into shadows!
Unknown command.
You struggle against the net.
The ball python bites you.
You die... ▒∙ ▒▒▒▒ ∙▒▒∙∙∙ ▒▒▒▒▒▒▒∙▒▒▒▒ ∙∙∙∙∙∙▒▒▒▒∙∙g<∙∙∙∙∙∙∙ ∙▒∙∙∙∙[∙K∙∙g∙▒▒∙∙∙▒▒∙ ∙∙∙∙∙∙∙gg∙∙∙∙∙∙∙∙∙∙∙∙

▒∙▒g▒▒∙▒▒∙▒∙▒▒∙$∙▒▒∙
▒B▒▒g▒▒∙▒!▒ ∙▒▒
▒∙RSb▒▒∙▒∙▒ ▒
▒▒▒▒S▒▒∙▒∙▒ ∙∙∙∙∙∙∙▒
▒▒∙∙∙∙∙ ▒▒▒▒∙∙∙∙
▒▒▒▒


You could see 2 gnolls, a bat, a ball python (ally target), a friendly giant
cockroach (summoned) and a friendly ball python (summoned).

Vanquished Creatures
  4 ball pythons (D:1)
  A bat (D:1)
  4 endoplasms (D:1)
  A goblin (D:1)
  A hobgoblin (D:1)
  2 jackals (D:1)
  3 quokkas (D:1)
  4 rats (D:1)
20 creatures vanquished.

Vanquished Creatures (others)
  55 foxfires (D:1)
55 creatures vanquished.

Grand Total: 75 creatures vanquished

Notes
Turn   | Place    | Note
-------+----------+-------------------------------------------
     0 | D:1      | Zeor the Djinni Fire Elementalist began the quest for the
                  | Orb.
     0 | D:1      | Reached XP level 1. HP: 15/15 MP: 0/0
    85 | D:1      | Found a faded altar of an unknown god.
   333 | D:1      | Reached XP level 2. HP: 19/21 MP: 0/0
   780 | D:1      | Reached skill level 3 in Spellcasting
   966 | D:1      | Reached XP level 3. HP: 23/25 MP: 0/0
   966 | D:1      | Learned a level 1 spell: Shock
  1357 | D:2      | Slain by a ball python

Illustrated notes

Levels and vault maps discovered:
D:1:      scummos_arrival_simple_fountains, layout_loops_ring,
          shapermc_ecumenical_altar_venn
D:2:      minmay_door_path, layout_loops_ring, uniq_jessica

Skill      XL: |  1  2 |
---------------+-------+-----
Spellcasting   | 3 |  3.1
Dodging        | |  2.3
Stealth        | |  1.6

Action                   || total
-------------------------++-------
Melee: Unarmed           ||     2
 Cast: Foxfire           ||    38
       Scorch            ||     3
       Conjure Flame     ||     1
  Use: Scroll            ||     3
       Potion            ||     1
Armor: Robe              ||     5
Dodge: Dodged            ||    35
